 Dungeon Crawl Stone Soup version 0.31-a0-876-gfe8ebadbca (webtiles) character file.

Game seed: 11663431797655220892

228 Azuregosa the Sneak (level 6, 0/43 HPs)
             Began as an Octopode Delver on Oct 13, 2023.
             Slain by a gnoll
             ... wielding a +0 spear
              (8 damage)
             ... on level 2 of the Dungeon.
             The game lasted 00:06:25 (1529 turns).

Azuregosa the Sneak (Octopode Delver)               Turns: 1529, Time: 00:06:26

Health: 0/43       AC:  1    Str: 12    XL:     6   Next: 2%
Magic:  6/6        EV: 14    Int: 20    God:
Gold:   152        SH:  0    Dex: 13    Spells: 5/5 levels left

rFire   . . .        w - +3 flail
rCold   . . .        (no shield)
rNeg    . . .        (helmet restricted)
rPois   .            o - amulet of magic regeneration
rElec   .            r - +6 ring of intelligence
rCorr   .            (no ring)
SInv    .            (no ring)
Will    .....        (no ring)
Stlth   +++++        (no ring)
HPRegen 0.27/turn    (no ring)
MPRegen 0.50/turn    (no ring)
                     (no ring)

%: no passive effects
@: no status effects
A: almost no armour, amphibious, 8 rings, camouflage 1, gelatinous body 1,
(nimble swimmer 1), tentacles
a: no special abilities


You were on level 2 of the Dungeon.
You visited 1 branch of the dungeon, and saw 7 of its levels.
You also visited: Sewer.

You collected 152 gold pieces.

Inventory:

Hand Weapons
 a - a +0 short sword
 w - a +3 flail (weapon)
Missiles
 j - 6 poisoned darts
 k - 2 javelins
 p - 2 curare-tipped darts
Jewellery
 o - an amulet of magic regeneration (around mantle)
 r - a +6 ring of intelligence (left tentacle)
Wands
 f - a wand of digging (3)
Scrolls
 b - a scroll of fog
 d - a scroll of fear
 g - a scroll of acquirement {unknown}
 h - 3 scrolls of enchant weapon {unknown}
 m - 2 scrolls of teleportation {unknown}
 q - a scroll of identify {unknown}
 u - a scroll of poison {unknown}
 x - a scroll of revelation
Potions
 c - a potion of cancellation {unknown}
 e - 2 potions of haste
 i - 2 potions of enlightenment {unknown}
 l - a potion of might {unknown}
 n - 2 potions of degeneration {unknown}
 s - a potion of mutation {unknown}
 t - a potion of brilliance {unknown}
 v - 2 potions of lignification {unknown}


   Skills:
 + Level 4.1 Fighting
 - Level 3.4 Short Blades
 + Level 0.0 Maces & Flails
 + Level 3.4 Dodging
 + Level 7.7 Stealth
 + Level 0.4 Spellcasting


You had 5 spell levels left.
You didn't know any spells.
Your spell library contained the following spells:

 Spells                   Type           Power      Damage    Failure   Level
 Inner Flame              Hex/Fire       0%         N/A       50%         3
 Yara's Violent Unravell  Hex/Tmut       0%         3d3       99%         5
 Enfeeble                 Hex            0%         N/A       100%        7


Dungeon Overview and Level Annotations

Branches:
Dungeon (7/15)              Sewer (visited)
 Temple: D:4-7

Altars:


Innate Abilities, Weirdness & Mutations

You cannot wear most types of armour.
You are amphibious.
You can wear up to eight rings at the same time.
Your skin changes colour to match your surroundings (Stealth+).
Your rubbery body absorbs attacks. (AC +1, EV +1)
((You are camouflaged when in or above water. (Stealth+)))
You have tentacles for arms and can constrict up to eight enemies at once.


Message History

The gnoll hits you from afar with a +0 spear.
* * * LOW HITPOINT WARNING * * *
You hit the gnoll.
The gnoll is heavily wounded.
You constrict the gnoll. The gnoll hits you with a +0 club.
* * * LOW HITPOINT WARNING * * *
The gnoll closely misses you.
As you read the scroll of fear, it crumbles to dust.
You assume a fearsome visage.
The gnoll looks frightened! x3
You constrict the gnoll.
The gnoll escapes!
Things that are here:
a +0 whip; a gnoll corpse You closely miss the gnoll.
Your attack snaps the gnoll out of its fear.
You grab the gnoll.
You squeeze the gnoll, but do no damage.
You constrict the gnoll. The gnoll misses you.
You hit the gnoll. You squeeze the gnoll.
The gnoll is heavily wounded.
You constrict the gnoll. The gnoll closely misses you.
You hit the gnoll. You squeeze the gnoll.
You kill the gnoll!
You have reached level 6!
You see here a +3 flail.
w - a +3 flail
w - a +3 flail (weapon)
x - a scroll of revelation
There are no items here.
You are not religious.
You start resting.
A gnoll is nearby!
The gnoll hits you from afar with a +0 spear.
* * * LOW HITPOINT WARNING * * *
The gnoll closely misses you.
You closely miss the gnoll. Your grab misses the gnoll.
The gnoll closely misses you.
You thump the gnoll! Your grab misses the gnoll.
The gnoll is severely wounded.
The gnoll hits you with a +0 spear!
You die...

#.#.#.#.....
#.#.#.#....#
###########<#)#.#....#
....[.................
#####........######.....
.............#### #.....
................###.....
........................
......g@...<............
......###...............
....## #...............
... ####...#### .. #...#
#######...# ..........#
#######...' .#
#######....#...#


You could see a gnoll.

Vanquished Creatures
  A water moccasin (Sewer)
  2 sleepcaps
  2 gnolls (D:2)
  An adder (D:3)
  5 orcs
  An endoplasm (D:4)
  4 giant cockroaches
  2 goblins (D:1)
  2 hobgoblins
  4 jackals
  3 kobolds (D:1)
  6 quokkas
  A ball python (D:1)
  7 bats
  2 frilled lizards (D:1)
  3 rats
46 creatures vanquished.

Notes
Turn   | Place    | Note
-------+----------+-------------------------------------------
     0 | D:5      | Azuregosa the Octopode Delver began the quest for the Orb.
     0 | D:5      | Reached XP level 1. HP: 16/16 MP: 1/1
    21 | D:5      | Found a glowing drain.
    49 | D:5      | Reached XP level 2. HP: 21/21 MP: 2/2
    55 | Sewer    | Entered a sewer
   108 | Sewer    | Noticed a water moccasin
   114 | Sewer    | Killed a water moccasin
   115 | Sewer    | Reached skill level 7 in Stealth
   115 | Sewer    | Reached XP level 3. HP: 17/27 MP: 3/3
   115 | Sewer    | Reached XP level 4. HP: 21/33 MP: 4/4
   236 | D:5      | Reached XP level 5. HP: 37/37 MP: 5/5
  1510 | D:2      | Reached XP level 6. HP: 7/43 MP: 6/6
  1529 | D:2      | Slain by a gnoll

Illustrated notes

Levels and vault maps discovered:
D:1:      elethiomel_arrival_maze, layout_basic
D:2:      layout_basic, hellmonk_ecumenical_altar_pennies_from_heaven,
          basic_altar, dk_noncrumbling_2
D:3:      layout_basic
D:4:      layout_gridville, mainiacjoe_overflow_tiny_flanked,
          minmay_temple_entry_purple_smoke, uniq_eustachio
D:5:      layout_basic, portal_sewer_entry_f
D:6:      layout_basic, mainiacjoe_overflow_big_doors,
          minmay_manual_mandibuliform
D:7:      layout_loops_ring, mainiacjoe_overflow_catwalk, enter_bailey_2,
          uniq_pikel

Skill      XL: |  1  2  3  4  5 |
---------------+----------------+-----
Stealth        | 7 |  7.7
Short Blades   | 3 |  3.4
Dodging        | 3 |  3.4
Fighting       | 4 |  4.1
Spellcasting   | |  0.4

Action                     |  1- 3 |  4- 6 || total
---------------------------+-------+-------++-------
  Melee: Short sword       |    25 |    91 ||   116
         Constrict         |     7 |    25 ||    32
         Tentacles         |     8 |    20 ||    28
         Punch             |       |     1 ||     1
         Flail             |       |     2 ||     2
    Use: Scroll            |     1 |     1 ||     2
   Stab: Sleeping          |     2 |    10 ||    12
         Distracted        |       |     1 ||     1
 Armour: Skin              |     4 |    32 ||    36
  Dodge: Dodged            |    16 |    64 ||    80

Table legend: (Time is in decaauts)
 A = Elapsed time spent in this place.
 B = Non-inter-level travel time spent in this place.
 C = Inter-level travel time spent in this place.
 D = Time resting spent in this place.
 E = Time spent auto-exploring this place.
 F = Levels seen in this place.
 G = Mean time per level.
                   A        B        C        D        E       F      G
               +--------+--------+--------+--------+--------+-----+--------+
         Total |   1511 |   1511 |      0 |     62 |    732 |   8 |  188.9 |
       Dungeon |   1354 |   1354 |      0 |     14 |    706 |   7 |  193.4 |
         Sewer |    156 |    156 |      0 |     48 |     26 |   1 |  156.0 |
               +--------+--------+--------+--------+--------+-----+--------+

Top non-repeatable levels by time:
     D:1: 736 daAuts
     D:5: 223 daAuts
     D:3: 176 daAuts
   Sewer: 156 daAuts
     D:4: 102 daAuts
     D:2: 93 daAuts
     D:6: 21 daAuts
     D:7: 1 daAuts
